[Event "Late-Titled-Tuesday-Blitz-October-17-2023"]
[Site "Chess.com"]
[Date "2023.10.17"]
[Round "7"]
[White "Levanzovsky"]
[Black "KNVB"]
[Result "1-0"]
[WhiteElo "2446"]
[BlackElo "2614"]
[TimeControl "180+1"]
[EndTime "15:15:54 PDT"]
[Termination "Levanzovsky won by checkmate"]

1. d4 Nf6 2. Nc3 e6 3. Bf4 a6 4. e3 b5 5. Qf3 d5 6. Bd3 Bb7 7.
g4 b4 8. Na4 Nbd7 9. Qg3 c5 10.
Bc7 Qc8 11. dxc5 Bxc5 12. Nxc5 Nxc5 13. f3 Qd7 14. Ne2 Rc8 15. Be5 Qe7 16. O-O Nfd7 17. Bd6 Qf6 18. f4 Qxb2 19. Rab1 Qxa2 20. Rxb4 Bc6 21.
f5 Nxd3 22. fxe6 fxe6 23. Qh4 Nf6 24. Rxf6 Kd7 25. Rf7+ Kxd6 26. Qe7+ Ke5 27. Qg5+ Kd6 28. Qe7+ Ke5 29. Rf5# 1-0

[Event "Late-Titled-Tuesday-Blitz-October-17-2023"]
[Site "Chess.com"]
[Date "2023.10.17"]
[Round "7"]
[White "Yushko_Olga"]
[Black "Thjop"]
[Result "1-0"]
[WhiteElo "2194"]
[BlackElo "2652"]
[TimeControl "180+1"]
[EndTime "15:15:56 PDT"]
[Termination "Yushko_Olga won by checkmate"]

1. d4 Nf6 2. c4 g6 3. Nc3 Bg7 4. Nf3 O-O 5. Bg5 c5 6. e3 cxd4 7. exd4 d6 8. Be2 Nc6 9. O-O Bg4 10. h3 Bf5 11. Re1 Qb6 12. b3 Qa5 13. Bxf6 Bxf6 14.
Nd5 Bg7 15. Bd3 Be6 16. Nf4 Bd7 17. d5 Ne5 18. Nd4 Qc3 19. Bf1 Rfe8 20. Nfe2 Qa5 21.
Qc2 Rac8 22. Rad1 b5 23. f4 Nxc4 24. bxc4 Rxc4 25. Qd2 Qb6 26. Kh1 Rec8 27. f5 Qc5 28. Nb3 Qa3 29. fxg6 hxg6 30. Ned4 Bf6 31. Bxc4 bxc4 32.
Nc1 c3 33. Qh6 Ba4 34. Rd3 Qb4 35. Rf1 Bxd4 36. Rf4 Rc4 37. Qh4 Qb1 38. Rfxd4 Qxc1+ 39. Kh2 Rxd4 40. Qxd4 c2 41. Rc3 Qd1 42. Rc8+ Kh7 43. Qh8# 1-0

[Event "Late-Titled-Tuesday-Blitz-October-17-2023"]
[Site "Chess.com"]
[Date "2023.10.17"]
[Round "7"]
[White "gmcorrales"]
[Black "TanitoluwaAps116"]
[Result "1-0"]
[WhiteElo "2845"]
[BlackElo "2622"]
[TimeControl "180+1"]
[EndTime "15:15:57 PDT"]
[Termination "gmcorrales won by resignation"]

1. e4 c5 2. Nf3 Nc6 3. d4 cxd4 4. Nxd4 Nf6 5. Nc3 e5 6. Ndb5 d6 7. Bg5 a6 8. Bxf6 gxf6 9. Na3 b5 10. Nd5 f5 11.
Bd3 Be6 12. c3 Bxd5 13. exd5 Ne7 14. Nxb5 Bg7 15. Na3 O-O 16. O-O e4 17. Bc2 Qb6 18. Bb3 Ng6 19. Nc4 Qc5 20. Ne3 f4 21. Nf5 Rae8 22. h4 f3 23. gxf3 Qc8 24. fxe4 Rxe4 25. Qf3 Rfe8 26. Bc2 Rf4 27. Qh3 Qc4 28. Rfe1 Rg4+ 29.
Ng3 Rxe1+ 30. Rxe1 Be5 31. Re4 Rxe4 32. Nxe4 Qe2 33.
Bd3 Qd1+ 34. Bf1 Qxd5 35. Qg2 Kf8 36. Ng5 Qd1 37. Qf3 f6 38. Qxd1 1-0

[Event "Late-Titled-Tuesday-Blitz-October-17-2023"]
[Site "Chess.com"]
[Date "2023.10.17"]
[Round "7"]
[White "Payyappat"]
[Black "Russian_berezka"]
[Result "1-0"]
[WhiteElo "2510"]
[BlackElo "2687"]
[TimeControl "180+1"]
[EndTime "15:15:57 PDT"]
[Termination "Payyappat won by checkmate"]

1. e4 g6 2. d4 Bg7 3. Nc3 d5 4. Nxd5 c6 5. Ne3 Qxd4 6. Qxd4 Bxd4 7. Nf3 Bg7 8. Bc4 Nd7 9. O-O Nb6 10. Bb3 Nf6 11.
e5 Ng4 12. Nxg4 Bxg4 13. Ng5 O-O 14. f3 Bc8 15. Bf4 Nd5 16. Bg3 Bf5 17. Rfe1 Nb4 18.
e6 f6 19. Ne4 Bxe4 20. Rxe4 Nd5 21. Rd1 f5 22. Re2 Bxb2 23. c4 Nc3 24. Rxb2 Nxd1 25.
Bxd1 Rad8 26. Bb3 c5 27. Ba4 Rd4 28. Rxb7 Rxc4 29. Bb3 Rc1+ 30. Kf2 c4 31. Rc7 Rd8 32. Bf4 Rc3 33. Be5 Rc1 34. Bxc4 f4 35. Rd7 Rc8 36.
Bb3 Kf8 37. Bxf4 Rb1 38. Bh6+ Ke8 39. Ba4 Rb6 40. Rd6+ Rcc6 41. Bxc6+ Rxc6 42. Rxc6 Kd8 43. Bd2 a5 44. Bxa5+ Ke8 45. Rc8# 1-0

[Event "Late-Titled-Tuesday-Blitz-October-17-2023"]
[Site "Chess.com"]
[Date "2023.10.17"]
[Round "7"]
[White "sjoerd893"]
[Black "effefe"]
[Result "1-0"]
[WhiteElo "2534"]
[BlackElo "2348"]
[TimeControl "180+1"]
[EndTime "15:15:57 PDT"]
[Termination "sjoerd893 won by checkmate"]

1. e4 c5 2. Nf3 d6 3. Bb5+ Nd7 4. d4 cxd4 5. Qxd4 a6 6. Bxd7+ Bxd7 7. Nc3 Nf6 8. Bg5 Bc6 9. Bxf6 gxf6 10. O-O-O Qa5 11. Kb1 Rg8 12. g3 f5 13. Nd5 fxe4 14. Qxe4 Bxd5 15.
Rxd5 Qb6 16. Qxh7 Rg6 17. Nh4 Rf6 18. f4 O-O-O 19. Rhd1 Kb8 20. Qd3 Rc8 21. Qb3 Qc6 22. Nf3 Bg7 23. Nd4 Qc7 24. Nf5 Bf8 25. Ne3 Re6 26.
R5d3 Bg7 27. c3 Ka8 28. Nd5 Qd7 29. Nb6+ Ka7 30. Nxd7 Rc7 31. Qb6+ Ka8 32. Qxc7 Rh6 33. Qb8# 1-0

[Event "Late-Titled-Tuesday-Blitz-October-17-2023"]
[Site "Chess.com"]
[Date "2023.10.17"]
[Round "7"]
[White "Zq1"]
[Black "TigrVShlyape"]
[Result "1/2-1/2"]
[WhiteElo "2558"]
[BlackElo "2819"]
[TimeControl "180+1"]
[EndTime "15:16:04 PDT"]
[Termination "Game drawn by repetition"]

1. d4 d5 2. c4 c6 3. e3 Nf6 4.
Nc3 g6 5. Nf3 Bg7 6. Be2 O-O 7.
O-O e6 8. b4 Nbd7 9. a4 Re8 10.
Ba3 Ne4 11. Qc2 Nxc3 12. Qxc3 Nb6 13. Bb2 Nxc4 14. Bxc4 dxc4 15. Qxc4 Qd5 16. Rfc1 Bd7 17. Qc2 Red8 18. Rd1 Be8 19. Rac1 a5 20. e4 Qh5 21.
bxa5 Qxa5 22. Ra1 b5 23. axb5 Qxb5 24. e5 Rxa1 25. Rxa1 Bf8 26. h4 c5 27. dxc5 Qxc5 28.
Qxc5 Bxc5 29. Rc1 Be7 30. g3 h6 31. Rc2 Ba4 32. Rd2 Rxd2 33. Nxd2 Bc6 34. f3 Bb4 35.
Ne4 Bxe4 36. fxe4 h5 37. Kg2 Be1 38. Kf3 Kf8 39. Ba3+ Ke8 40. Bc5 Kd7 41. Be3 Kc6 42.
Bf4 Kb5 43. Ke3 Kc4 44. Bg5 Bc3 45.
Bf6 Bd4+ 46. Kf4 Kd3 47. Be7 Be3+ 48. Kf3 Bd2 49. Bd6 Be3 50. Bc7 Bd2 51. Bb8 Be3 52. Bc7 Bd2 53. Bb8 Be3 54. Bc7 1/2-1/2

[Event "Late-Titled-Tuesday-Blitz-October-17-2023"]
[Site "Chess.com"]
[Date "2023.10.17"]
[Round "7"]
[White "tptagain"]
[Black "KaydenTroffChess"]
[Result "1-0"]
[WhiteElo "2920"]
[BlackElo "2828"]
[TimeControl "180+1"]
[EndTime "15:16:05 PDT"]
[Termination "tptagain won by resignation"]

1. d4 Nf6 2. Nf3 g6 3. Bg5 Bg7 4. Nbd2 d5 5. e3 O-O 6. Be2 Nbd7 7. O-O Re8 8. c4 c5 9. Re1 cxd4 10. exd4 e5 11. dxe5 Nxe5 12. Nxe5 Rxe5 13. Nf3 Re8 14. Qb3 Be6 15. Qxb7 dxc4 16. Qa6 Qc8 17. Qa3 Ne4 18. Be3 Qb7 19. Bd4 Bd5 20. Bxg7 Kxg7 21. Rad1 Rad8 22.
Bf1 Nf6 23. Rxe8 Rxe8 24. Nd4 Kg8 25. Nc2 Rb8 26. Ne3 Be6 27. Nxc4 Bxc4 28. Bxc4 Qxb2 29. Rd8+ Rxd8 30. Qxb2 Ne4 31. g3 Kf8 32. Qh8+ Ke7 33. Qe5+ Kf8 34. Qxe4 1-0

[Event "Late-Titled-Tuesday-Blitz-October-17-2023"]
[Site "Chess.com"]
[Date "2023.10.17"]
[Round "7"]
[White "Chessbard1972"]
[Black "topin8"]
[Result "0-1"]
[WhiteElo "2332"]
[BlackElo "2485"]
[TimeControl "180+1"]
[EndTime "15:16:05 PDT"]
[Termination "topin8 won by resignation"]

1. d4 Nf6 2. Nf3 d5 3. c4 c6 4.
Nc3 g6 5. Bg5 Bg7 6. e3 O-O 7. Qc2 Bf5 8. Bd3 e6 9. cxd5 cxd5 10.
Bxf5 gxf5 11. O-O Nc6 12. a3 Rc8 13. Qe2 Qd7 14. Rfc1 Ne4 15. Bh4 Na5 16. Nxe4 dxe4 17. Nd2 e5 18. b4 Nc6 19. dxe5 Nxe5 20. Rxc8 Rxc8 21. Rd1 Rc2 22. Qe1 Nd3 23. Qf1 Nb2 24. Rc1 Qxd2 25. Rxc2 Qxc2 26. h3 Qd1 27. Qxd1 Nxd1 28.
Be7 b5 29. Bc5 a6 30. Kf1 Nb2 31. Ke1 Nc4 32. Ke2 Nxa3 33. f3 Nc4 34. g4 exf3+ 35. Kxf3 fxg4+ 36. hxg4 Bf8 37. Ke4 a5 38. Kd5 axb4 39.
e4 Bxc5 40. Kxc5 b3 0-1

[Event "Late-Titled-Tuesday-Blitz-October-17-2023"]
[Site "Chess.com"]
[Date "2023.10.17"]
[Round "7"]
[White "Giorno"]
[Black "Alexander_Donchenko"]
[Result "0-1"]
[WhiteElo "2554"]
[BlackElo "2876"]
[TimeControl "180+1"]
[EndTime "15:16:07 PDT"]
[Termination "Alexander_Donchenko won by resignation"]

1. Nf3 Nf6 2. c4 e6 3. Nc3 d5 4. d4 dxc4 5. e3 a6 6. a4 b6 7.
Bxc4 Bb4 8. O-O Bb7 9. Qe2 O-O 10.
Rd1 Nbd7 11. Bd3 Qe7 12. e4 e5 13. d5 h6 14. Bd2 Rfe8 15. Nh4 Bxc3 16. Nf5 Qf8 17.
bxc3 Kh8 18. Qf3 Ng8 19. Qh3 Nc5 20. Bc2 a5 21. Re1 Bc8 22. g4 Kh7 23. Qf3 g6 24.
Ng3 Qe7 25. h3 Bd7 26. Be3 Rf8 27. Kg2 Nb7 28. Qe2 Nd6 29. c4 Nb7 30. Rf1 Rae8 31. f4 exf4 32. Bxf4 Nc5 33. Bxc7 Bxg4 34. Qxg4 Qxc7 35.
Rf2 Nd7 36. Qe2 Ne5 37. Bb3 Rc8 38. Raf1 Kg7 39. Qb2 f6 40. h4 h5 41. Rd1 Ng4 42. Re2 Rfe8 43. d6 Qd7 44. c5 Rxc5 45. Bxg8 Kxg8 46. Qxb6 Rc3 47. Qd4 Ra3 48. Qd5+ Kg7 49.
Qxa5 Ne3+ 50. Rxe3 Rxe3 51. Qc7 Qxc7 52. dxc7 Rc8 53.
Rd7+ Kh6 54. Kf2 Rc3 55. e5 fxe5 56. Ne4 R3xc7 57. Rd5 Rf8+ 58. Ke3 Rf4 59. Rxe5 Rxh4 60. a5 Ra7 61. Rb5 Rh3+ 62. Kd4 Ra3 0-1

[Event "Late-Titled-Tuesday-Blitz-October-17-2023"]
[Site "Chess.com"]
[Date "2023.10.17"]
[Round "7"]
[White "SereneSalmon"]
[Black "Deeper44"]
[Result "1-0"]
[WhiteElo "2453"]
[BlackElo "2613"]
[TimeControl "180+1"]
[EndTime "15:16:07 PDT"]
[Termination "SereneSalmon won by resignation"]

1. d4 Nf6 2. c4 g6 3. Nc3 Bg7 4. e4 d6 5. Be2 O-O 6. Be3 Na6 7. Nf3 e5 8. O-O exd4 9. Nxd4 Re8 10. f3 c6 11. Qd2 Qa5 12. Rfd1 Nh5 13. Nb3 Bxc3 14. bxc3 Qc7 15. Qxd6 Be6 16. Qxc7 Nxc7 17. Nc5 b6 18. Nb3 c5 19. f4 Ng7 20. Bf3 Rac8 21. Nd2 f5 22. e5 Bf7 23. g3 Red8 24. Be2 Nge6 25.
Nf1 Na6 26. Bf2 Nb8 27. Ne3 Nc6 28. Nd5 Kg7 29. Bf3 Na5 30. Be2 Nc7 31. Ne3 Re8 32. Rd7 Red8 33. Rad1 Rxd7 34. Rxd7 Kf8 35. Nd5 Nxd5 36.
cxd5 Be8 37. Rxa7 Rb8 38. Rxh7 Kg8 39. Re7 Bf7 40. e6 Be8 41. d6 Kf8 42. Rc7 Kg8 43.
d7 Kf8 44. Rc8 Rxc8 45. dxc8=Q 1-0

[Event "Late-Titled-Tuesday-Blitz-October-17-2023"]
[Site "Chess.com"]
[Date "2023.10.17"]
[Round "7"]
[White "kai_nov"]
[Black "vidavi"]
[Result "1-0"]
[WhiteElo "2287"]
[BlackElo "2387"]
[TimeControl "180+1"]
[EndTime "15:16:07 PDT"]
[Termination "kai_nov won on time"]

1. d4 Nf6 2. c4 g6 3. f3 d5 4. cxd5 Nxd5 5. e4 Nb6 6. Nc3 Bg7 7. Be3 O-O 8. Qd2 Nc6 9. O-O-O e5 10. d5 Nd4 11. f4 Bg4 12. Re1 c5 13. fxe5 Bxe5 14.
h3 Bd7 15. Nf3 Nxf3 16. gxf3 Re8 17. h4 h5 18. Bg5 Qc7 19. Kb1 Na4 20. Nxa4 Bxa4 21.
Rc1 Bd7 22. f4 Bg7 23. e5 Bf5+ 24. Bd3 Bxd3+ 25. Qxd3 Qb6 26. d6 a5 27. d7 Rf8 28. Rhd1 Rad8 29. Qd6 Qb5 30. Rxc5 Qa4 31. a3 b5 32. Bxd8 Rxd8 33. Rc8 1-0

[Event "Late-Titled-Tuesday-Blitz-October-17-2023"]
[Site "Chess.com"]
[Date "2023.10.17"]
[Round "7"]
[White "aNaartjieZA"]
[Black "stefan_95"]
[Result "0-1"]
[WhiteElo "2540"]
[BlackElo "2736"]
[TimeControl "180+1"]
[EndTime "15:16:10 PDT"]
[Termination "stefan_95 won by resignation"]

1. e4 c5 2. Nf3 d6 3. g3 Nf6 4. d3 g6 5. Bg2 Bg7 6. O-O O-O 7. Re1 Nc6 8. c3 Rb8 9. a4 a6 10. h3 b5 11. axb5 axb5 12. d4 Nd7 13.
Be3 b4 14. Nbd2 bxc3 15. bxc3 cxd4 16. cxd4 Nb6 17. Rb1 d5 18. Bf4 Ra8 19. exd5 Nxd5 20. Qc2 Ncb4 21. Qb3 Bf5 22. Ra1 Rxa1 23. Rxa1 Nxf4 24.
Qxb4 Ne2+ 25. Kh2 Nxd4 26. Re1 Nc2 27. Qxe7 Nxe1 28. Qxe1 Re8 29. Qf1 Qd3 30. Qxd3 Bxd3 31. Bf1 Bxf1 32. Nxf1 Re2 33. Kg2 Bf8 34. Nd4 Rb2 35.
Nf3 Bc5 36. N3d2 f5 37. Kf3 Kf7 38. h4 Ke6 39. Ke2 Bb4 40. Kd3 Bxd2 41. Nxd2 Kd5 42.
Ke3 Ra2 43. Nf3 Ra3+ 44. Ke2 h6 45. Nd2 f4 46. g4 Rh3 47. Nf3 Ke4 48. Nd2+ Ke5 49.
Nf3+ Kd5 50. g5 h5 51. Ng1 Rxh4 52. Kf3 Rg4 53. Ne2 Ke5 0-1

[Event "Late-Titled-Tuesday-Blitz-October-17-2023"]
[Site "Chess.com"]
[Date "2023.10.17"]
[Round "7"]
[White "drdaro"]
[Black "esskeettit"]
[Result "1-0"]
[WhiteElo "2283"]
[BlackElo "2487"]
[TimeControl "180+1"]
[EndTime "15:16:11 PDT"]
[Termination "drdaro won on time"]

1. Nc3 Nf6 2. d3 d5 3. g3 Bf5 4.
Bg2 c6 5. Nf3 h6 6. O-O Nbd7 7.
Rb1 e6 8. b4 Be7 9. Re1 O-O 10.
e4 dxe4 11. dxe4 Bh7 12. b5 cxb5 13. e5 Nd5 14. Nxd5 exd5 15. Rxb5 Nb6 16. Be3 Rc8 17. Bxb6 axb6 18. Rxd5 Qe8 19. Nd4 Bb4 20. Re2 Qa4 21. e6 fxe6 22. Nxe6 Bxc2 23. Qd4 Rf7 24. Rxc2 Qxc2 25. Be4 Qc1+ 26. Kg2 Be7 27. Bg6 Rf6 28. Qe4 Qb2 29. Nf4 Bc5 30. Rd7 Qxf2+ 31. Kh3 Qf1+ 32.
Kh4 Rcf8 33. Bh7+ Kh8 34. Ng6+ Rxg6 35. Qxg6 1-0

[Event "Late-Titled-Tuesday-Blitz-October-17-2023"]
[Site "Chess.com"]
[Date "2023.10.17"]
[Round "7"]
[White "Inepton_Fermion"]
[Black "nitpicker"]
[Result "1-0"]
[WhiteElo "2384"]
[BlackElo "2234"]
[TimeControl "180+1"]
[EndTime "15:16:11 PDT"]
[Termination "Inepton_Fermion won by checkmate"]

1. Nf3 Nf6 2. b3 d6 3. d4 g6 4. Bb2 Bg7 5. g3 O-O 6. Bg2 a5 7. O-O a4 8. c4 axb3 9. axb3 Rxa1 10. Bxa1 c6 11. Nbd2 Bf5 12. Bc3 Na6 13. Nh4 Bg4 14.
h3 Be6 15. e4 d5 16. e5 Nd7 17. c5 b6 18. b4 bxc5 19. bxc5 f6 20. f4 Nc7 21. Nhf3 Nb5 22. Bb4 Kh8 23. Nb3 fxe5 24.
fxe5 Bh6 25. Bd2 Bxd2 26. Qxd2 Kg7 27. Kh2 h6 28. Ra1 Qb8 29. Qb4 Rf5 30. Na5 Qc7 31. Rb1 g5 32. Nxc6 Qxc6 33. Qxb5 Qxb5 34. Rxb5 Rf8 35. Rb7 Rc8 36. Nd2 Kf7 37. Nb1 Rc6 38. Nc3 Ra6 39. Nxd5 Bxd5 40. Bxd5+ Ke8 41. e6 Nf6 42.
Rb8# 1-0

[Event "Late-Titled-Tuesday-Blitz-October-17-2023"]
[Site "Chess.com"]
[Date "2023.10.17"]
[Round "7"]
[White "egnfanclub"]
[Black "VdovinDmitry"]
[Result "1-0"]
[WhiteElo "2348"]
[BlackElo "2078"]
[TimeControl "180+1"]
[EndTime "15:16:13 PDT"]
[Termination "egnfanclub won on time"]

1. e4 e5 2. Nf3 Nc6 3. d4 exd4 4. Nxd4 Qh4 5. Nc3 Bb4 6. Nb5 Nf6 7. Nxc7+ Kd8 8.
Nxa8 Nxe4 9. Qf3 Re8 10. Be3 Nxc3 11. bxc3 Bxc3+ 12. Kd1 Bxa1 13. Qxf7 Bf6 14. Be2 Qb4 15. Qb3 Qxb3 16. axb3 b6 17. Nxb6 axb6 18. Bxb6+ Ke7 19. Bc4 d6 20. Re1+ Kd7 21. Be3 Bb7 22. Kd2 Ne5 23. Bf1 Ra8 24. h3 Re8 25. f4 Nc6 26. Bd3 g6 27. g4 Bd4 28. f5 Bxe3+ 29. Rxe3 Rxe3 30. Kxe3 gxf5 31. Bxf5+ Ke7 32. Bxh7 Kf6 33. Be4 Nd8 34. c4 Bc8 35. b4 Nf7 36. b5 Ne5 37.
Bd5 Nd7 38. Kf4 Nc5 39. h4 Bd7 40. h5 Nd3+ 41. Ke3 Ne5 42. b6 Nc6 43. Kf4 Na5 44.
b7 1-0

[Event "Late-Titled-Tuesday-Blitz-October-17-2023"]
[Site "Chess.com"]
[Date "2023.10.17"]
[Round "7"]
[White "Perecke"]
[Black "Casablanca"]
[Result "1/2-1/2"]
[WhiteElo "2528"]
[BlackElo "2736"]
[TimeControl "180+1"]
[EndTime "15:16:14 PDT"]
[Termination "Game drawn by repetition"]

1. e4 c5 2. Nf3 d6 3. d4 cxd4 4. Nxd4 Nf6 5. Nc3 g6 6. Be3 Bg7 7. f3 Nc6 8. Qd2 O-O 9. O-O-O d5 10. exd5 Nxd5 11. Nxc6 bxc6 12. Bd4 Bxd4 13. Qxd4 Qb6 14. Na4 Qc7 15. b3 e5 16. Qc5 Be6 17. Bc4 Rfd8 18. h4 h5 19. g4 hxg4 20. fxg4 e4 21. Kb1 Nb6 22. Bxe6 Nxa4 23. Qc4 fxe6 24. Qxa4 Qe5 25.
Qxc6 Rac8 26. Rxd8+ Rxd8 27. h5 e3 28. Qf3 Rf8 29. Qe2 Rf2 30. Qd3 e2 31. Qxg6+ Kf8 32.
Re1 Rf1 33. Qh6+ Qg7 34. Qd2 Qxg4 35. h6 Qh4 36. Qd6+ Kf7 37. Qd7+ Qe7 38. Qd2 Qh4 39. Qd7+ Qe7 40. Qd2 Qh4 41. Qd7+ 1/2-1/2

[Event "Late-Titled-Tuesday-Blitz-October-17-2023"]
[Site "Chess.com"]
[Date "2023.10.17"]
[Round "7"]
[White "Mikhail_Golubev"]
[Black "wild3000"]
[Result "0-1"]
[WhiteElo "2549"]
[BlackElo "2430"]
[TimeControl "180+1"]
[EndTime "15:16:14 PDT"]
[Termination "wild3000 won on time"]

1. e4 a6 2. d4 e6 3. c4 Bb4+ 4. Bd2 Bxd2+ 5. Qxd2 d6 6. Nc3 Nf6 7. f4 O-O 8. Nf3 c5 9. dxc5 dxc5 10. O-O-O Qxd2+ 11. Rxd2 Nc6 12. e5 Ng4 13. Ne4 b6 14. Nd6 f6 15.
Bd3 fxe5 16. Be4 Bd7 17. fxe5 Ra7 18. Re1 Ncxe5 19. Nxe5 Nxe5 20. Bxh7+ Kxh7 21. Rxe5 Rf1+ 22. Kc2 Rf6 23. g4 Bc6 24. g5 Rf4 25. Rxe6 Bd7 26. g6+ Kh6 27. Re7 Ba4+ 28. b3 Rxe7 29. bxa4 Kxg6 30.
Rd5 Rh4 31. Nf5 Rxh2+ 32. Kd3 Re1 33. Ne3 Rh3 34. Re5 Kf6 35. Re8 Rhxe3+ 0-1

[Event "Late-Titled-Tuesday-Blitz-October-17-2023"]
[Site "Chess.com"]
[Date "2023.10.17"]
[Round "7"]
[White "Flaccidmoves"]
[Black "adrivillu"]
[Result "1/2-1/2"]
[WhiteElo "2402"]
[BlackElo "2308"]
[TimeControl "180+1"]
[EndTime "15:16:14 PDT"]
[Termination "Game drawn by repetition"]

1. Nf3 e6 2. e4 d5 3. d3 Nf6 4. Nbd2 c5 5. g3 Nc6 6. Bg2 Be7 7. O-O O-O 8. Re1 Qc7 9. e5 Nd7 10. Qe2 Nd4 11. Nxd4 cxd4 12. Nb3 Qb6 13. c3 dxc3 14.
bxc3 Nc5 15. Be3 Qc7 16. Nxc5 Bxc5 17. d4 Be7 18. Qd3 Bd7 19. Rab1 Rfc8 20. Bd2 a6 21. f4 Bb5 22. Qf3 Qc4 23. a4 Qxa4 24. f5 Qc2 25. fxe6 fxe6 26. Qe3 h6 27. Bh3 Qg6 28. Ra1 Bg5 29. Qf2 Rf8 30. Qg2 Bxd2 31. Qxd2 Rf7 32. Qd1 Raf8 33. Qg4 Qc2 34. Qxe6 Bd7 35.
Qxd7 Rxd7 36. Bxd7 Qf2+ 37. Kh1 Qf3+ 38. Kg1 Qxc3 39.
e6 Qxd4+ 40. Kh1 Qf2 41. e7 Qf3+ 42. Kg1 Qf2+ 43. Kh1 Qf3+ 44. Kg1 Qf2+ 45. Kh1 1/2-1/2

[Event "Late-Titled-Tuesday-Blitz-October-17-2023"]
[Site "Chess.com"]
[Date "2023.10.17"]
[Round "7"]
[White "h4parah5"]
[Black "eljanov"]
[Result "1/2-1/2"]
[WhiteElo "2935"]
[BlackElo "2848"]
[TimeControl "180+1"]
[EndTime "15:16:15 PDT"]
[Termination "Game drawn - insufficient material"]

1. Nf3 d5 2. e3 c6 3. c4 Nf6 4. Nc3 a6 5. h3 e6 6. b3 c5 7. Bb2 Nc6 8. cxd5 exd5 9. d4 cxd4 10. Nxd4 Bd6 11. g3 O-O 12. Bg2 Be5 13. O-O Bxd4 14.
exd4 Bf5 15. Re1 h6 16. Qd2 Re8 17. g4 Be4 18. Nxe4 dxe4 19. d5 Qxd5 20. Qxd5 Nxd5 21.
Bxe4 Nf4 22. Kh2 Rad8 23. Bc3 g5 24. Bxc6 bxc6 25. Rxe8+ Rxe8 26. Re1 Rxe1 27. Bxe1 Nd3 28. Ba5 Nxf2 29. Kg2 Nd3 30. Bd2 Ne5 31. Kf2 f6 32. Ke3 Kf7 33. Kd4 Nd7 34. Kc4 f5 35. gxf5 Kf6 36. Kb4 h5 37. Ka5 g4 38. hxg4 hxg4 39.
Be1 Nc5 40. Kb6 Nd3 41. Bg3 Nc1 42. a4 Nxb3 43. Kxa6 Kxf5 44. Kb6 c5 45. Kb5 Ke4 46. Kc4 Na5+ 47. Kxc5 Kf3 48. Bh4 g3 49. Bxg3 Kxg3 50.
Kb5 Nb3 51. a5 Nxa5 1/2-1/2

[Event "Late-Titled-Tuesday-Blitz-October-17-2023"]
[Site "Chess.com"]
[Date "2023.10.17"]
[Round "7"]
[White "SCIM"]
[Black "cthulhuuu"]
[Result "0-1"]
[WhiteElo "2538"]
[BlackElo "2423"]
[TimeControl "180+1"]
[EndTime "15:16:17 PDT"]
[Termination "cthulhuuu won by resignation"]

1. e4 d6 2. d4 Nf6 3. Nc3 c6 4. Be3 e5 5. f3 b5 6. a3 Be7 7. Nge2 O-O 8. Qd2 Nbd7 9. O-O-O Bb7 10. g4 a5 11. g5 Ne8 12. Ng3 b4 13. Na4 bxa3 14. b3 exd4 15. Bxd4 Bxg5 16. f4 Bf6 17.
Nf5 c5 18. e5 dxe5 19. fxe5 cxd4 20. exf6 Qxf6 21. Bd3 Bxh1 22. Rxh1 Ne5 23. Be4 Rd8 24. Rf1 d3 25. c3 h6 26. Kb1 Qg5 27. Qf2 d2 28. Bc2 Nd6 29. Nd4 Ng4 30. Qg3 Ne3 31.
Qxg5 hxg5 32. Rg1 Rfe8 33. Rxg5 Nxc2 34. Kxc2 a2 35. Rg1 Nb5 36. Rd1 Nxd4+ 37. cxd4 Rxd4 38.
Nc3 Rc8 39. Kb2 a1=Q+ 40. Rxa1 Rxc3 41. Kxc3 d1=Q 0-1

[Event "Late-Titled-Tuesday-Blitz-October-17-2023"]
[Site "Chess.com"]
[Date "2023.10.17"]
[Round "7"]
[White "ameetghasi100"]
[Black "borocotoajua"]
[Result "1-0"]
[WhiteElo "2795"]
[BlackElo "2573"]
[TimeControl "180+1"]
[EndTime "15:16:18 PDT"]
[Termination "ameetghasi100 won on time"]

1. c4 Nf6 2. e3 g6 3. Nf3 Bg7 4. Nc3 O-O 5. d4 d6 6. Be2 Bf5 7. O-O Re8 8. b3 c6 9. Bb2 Qa5 10. a3 e5 11. b4 Qc7 12. Rc1 e4 13. Nd2 h5 14. Qb3 Nbd7 15. d5 c5 16. a4 cxb4 17. Qxb4 Nc5 18. Nb5 Qe7 19. Nd4 Bg4 20. Rc2 Rac8 21.
Ba1 Qd7 22. a5 Qe7 23. h3 Bd7 24. Nb5 a6 25. Nd4 g5 26. N4b3 Nd3 27. Qa3 g4 28. h4 g3 29. fxg3 Ng4 30. Bxg4 Bxg4 31.
Bxg7 Kxg7 32. Qa1+ Kh7 33. Qf6 Qxf6 34. Rxf6 Kg7 35.
Rxd6 Re5 36. Nd4 Nb4 37. Rb2 Nd3 38. Rxb7 Nc5 39. Rbb6 Nd7 40. Rxa6 Rb8 41. Nb5 Nc5 42. Rac6 1-0

[Event "Late-Titled-Tuesday-Blitz-October-17-2023"]
[Site "Chess.com"]
[Date "2023.10.17"]
[Round "7"]
[White "rdarruda"]
[Black "The_Princess_Moon"]
[Result "0-1"]
[WhiteElo "2451"]
[BlackElo "2347"]
[TimeControl "180+1"]
[EndTime "15:16:18 PDT"]
[Termination "The_Princess_Moon won by resignation"]

1. d4 c5 2. d5 d6 3. Nc3 Nf6 4. g3 e5 5. dxe6 fxe6 6. Bg2 Be7 7. e4 Nc6 8. Nge2 O-O 9. O-O e5 10. Nd5 Be6 11. Nec3 Nd4 12. Nxe7+ Qxe7 13. Nd5 Nxd5 14. exd5 Bd7 15. c3 Nb5 16. Be3 Nc7 17. Qd2 Kh8 18. f4 e4 19. Kh1 Rae8 20. Rae1 Qf7 21. c4 b5 22. b3 Re7 23. Qa5 Bg4 24. Bd2 Rfe8 25.
f5 e3 26. Bc3 b4 27. Bb2 e2 28. Rf4 Qh5 29. f6 Rf7 30. fxg7+ Kg8 31. Rxf7 Qxf7 32. Kg1 Na8 33. h3 Bh5 34. g4 Bg6 35. Qb5 Nc7 36. Qc6 Qf4 37. Qxc7 Qe3+ 38. Kh1 Qd2 39.
Qxd6 Qxe1+ 40. Kh2 Qf2 41. Qf6 Qxf6 42. Bxf6 e1=Q 0-1

[Event "Late-Titled-Tuesday-Blitz-October-17-2023"]
[Site "Chess.com"]
[Date "2023.10.17"]
[Round "7"]
[White "PawnEatingZombie"]
[Black "C_K_G"]
[Result "1-0"]
[WhiteElo "2282"]
[BlackElo "1890"]
[TimeControl "180+1"]
[EndTime "15:16:18 PDT"]
[Termination "PawnEatingZombie won by resignation"]

1. e4 c5 2. c3 d6 3. d4 cxd4 4. cxd4 Nf6 5. Nc3 g6 6. f4 Bg7 7. Nf3 a6 8. e5 Ng4 9. h3 Nh6 10. Bc4 O-O 11. O-O e6 12. d5 Qc7 13. Bb3 dxe5 14. fxe5 exd5 15. Nxd5 Qd8 16. Bg5 Qa5 17. Be7 Re8 18. Nf6+ Bxf6 19. Bxf6 Nd7 20. Qc1 Qc5+ 21. Qxc5 Nxc5 22. Bd5 Nf5 23. Rfe1 Nd7 24. g4 Nxf6 25. exf6 Nd6 26. Rxe8+ Nxe8 27. Ne5 Nxf6 28. Bxf7+ Kg7 29. Rf1 Bd7 30. g5 Ne4 31. Bd5 Bc6 32. Nxc6 bxc6 33. Bxe4 Rb8 34. Bc2 Rxb2 35. Rf2 h6 36. Kg2 hxg5 37.
Bd3 c5 38. Rxb2 a5 39. Rc2 Kh6 40. Rxc5 1-0

[Event "Late-Titled-Tuesday-Blitz-October-17-2023"]
[Site "Chess.com"]
[Date "2023.10.17"]
[Round "7"]
[White "kinghunter183"]
[Black "Defenstrator"]
[Result "0-1"]
[WhiteElo "2126"]
[BlackElo "2406"]
[TimeControl "180+1"]
[EndTime "15:16:19 PDT"]
[Termination "Defenstrator won by checkmate"]

1. b3 e5 2. Bb2 f6 3. d3 d5 4. Nd2 Nh6 5. e4 Bc5 6. Be2 Nc6 7. a3 f5 8. b4 Bb6 9. b5 Nd4 10. exd5 Qxd5 11. Ngf3 Qxb5 12. Bxd4 exd4 13. O-O O-O 14. a4 Qd5 15. Nb3 c5 16. a5 Bc7 17.
Qc1 f4 18. Qa3 Bd6 19. Qa2 Be6 20. Qb2 Nf5 21. Nbd2 Bc7 22. Ne4 Nd6 23. Nfd2 c4 24. dxc4 Qc6 25. Bf3 Nxc4 26. Nxc4 Qxc4 27. Rfd1 Be5 28.
Qxb7 Rae8 29. Qxa7 Qxc2 30. Rac1 Qa2 31. Qc5 Bb3 32. Re1 d3 33. Qb4 Bb2 34. Rb1 Rb8 35. Qd2 Bc2 36. Rbd1 Bxd1 37. Rxd1 Rfd8 38. Nc5 Qc4 39.
Nxd3 Bc3 40. Qc2 Kh8 41. h3 Rbc8 42. Be4 Bxa5 43. Qe2 Re8 44. f3 Bb6+ 45. Nf2 Qxe2 46. Rf1 Rc2 47. Kh1 Qxf2 48. Rg1 Qxg1# 0-1